 Dungeon Crawl Stone Soup version 0.21.1-1-g345015f (webtiles) character file.

68692 microfolk the Thaumaturge (level 14, 0/90 HPs)
             Began as a Deep Elf Fire Elementalist on Apr 24, 2018.
             Was a High Priest of Sif Muna.
             Killed from afar by a shock serpent (6 damage)
             ... with a bolt of electricity
             ... on level 1 of the Snake Pit.
             The game lasted 02:08:32 (40379 turns).

microfolk the Thaumaturge (DEFE)                   Turns: 40379, Time: 02:08:33

Health: 0/90       AC: 22    Str:  5    XL:     14   Next: 87%
Magic:  24/34      EV: 11    Int: 28    God:    Sif Muna [*****.]
Gold:   965        SH:  0    Dex: 13    Spells: 10/41 levels left

rFire    . . .     SeeInvis .   o - +10 lajatang "Idat" {flame, +Rage rElec}
rCold    . . .     Gourm    .   (shield currently unavailable)
rNeg     + . .     Faith    .   w - +6 ring mail of Lukhlui Nuath {MR+}
rPois    +         Spirit   .   j - +1 helmet
rElec    +         Reflect  .   F - +2 cloak of Anke {rN+ Regen+}
rCorr    .         Harm     .   C - +2 pair of gloves "Naamemaa" {MR+ Regen+ Dex-4}
MR       +++..                  L - +2 pair of boots
Stlth    +.........             (no amulet)
HPRegen  1.05/turn              R - ring of poison resistance
MPRegen  0.24/turn              l - ring of wizardry

@: no status effects
A: agile 1, clever 1
a: Divine Energy, Channel Magic, Forget Spell, Renounce Religion, Evoke Berserk
Rage


You were on level 1 of the Snake Pit.
You worshipped Sif Muna.
Sif Muna was extremely pleased with you.
You were hungry.

You visited 5 branches of the dungeon, and saw 23 of its levels.

You collected 1950 gold pieces.
You spent 985 gold pieces at shops.

Inventory:

Hand Weapons
 o - the +10 lajatang "Idat" (weapon) {flame, +Rage rElec}
   (You found it on level 5 of the Lair of Beasts)

   It has been specially enchanted to burn those struck by it, causing extra
   injury to most foes and up to half again as much damage against particularly
   susceptible opponents.
   Big, fiery blades are also staple armaments of hydra-hunters.
   It insulates you from electricity.
   It lets you go berserk.
Armour
 j - a +1 helmet (worn)
 n - +0 acid dragon scales
 w - the +6 ring mail of Lukhlui Nuath (worn) {MR+}
   (You found it on level 6 of the Lair of Beasts)

   It affects your resistance to hostile enchantments.
 C - the +2 pair of gloves "Naamemaa" (worn) {MR+ Regen+ Dex-4}
   (You bought it in a shop on level 6 of the Dungeon)

   It affects your dexterity (-4).
   It affects your resistance to hostile enchantments.
   It increases your rate of regeneration.
 E - a +0 buckler
 F - the +2 cloak of Anke (worn) {rN+ Regen+}
   (You bought it in a shop on level 2 of the Orcish Mines)

   It protects you from negative energy.
   It increases your rate of regeneration.
 L - a +2 pair of boots (worn)
 P - the +1 robe of Defiance {+Blink rElec Slay-3}
   (You bought it in a shop on level 10 of the Dungeon)

   It affects your accuracy and damage with ranged weapons and melee attacks
   (-3).
   It insulates you from electricity.
   It lets you blink.
 X - the -2 helmet "Ikien" {rElec}
   (You bought it in a shop on level 11 of the Dungeon)

   It insulates you from electricity.
Magical Staves
 a - an uncursed staff of earth
Jewellery
 l - a ring of wizardry (right hand)
 r - an uncursed ring of magical power
 R - a ring of poison resistance (left hand)
 U - a +3 ring of protection
 Z - an uncursed ring of ice
Wands
 f - a wand of digging (8)
 Q - a wand of iceblast (12)
Scrolls
 d - 8 scrolls of teleportation
 g - 4 scrolls of enchant armour
 m - a scroll of random uselessness {unknown}
 p - a scroll of amnesia
 s - a scroll of blinking
 v - 3 scrolls of immolation
 y - a scroll of summoning
 D - 7 scrolls of fog
 G - 2 scrolls of enchant weapon
 I - 4 scrolls of remove curse
 K - 4 scrolls of magic mapping
Potions
 e - 5 potions of mutation
 h - a potion of invisibility
 i - 5 potions of heal wounds
 k - 2 potions of flight
 q - 15 potions of curing
 t - 4 potions of cancellation
 u - 3 potions of brilliance
 z - 5 potions of haste
 B - 3 potions of lignification
 J - a potion of berserk rage
 N - a potion of experience {unknown}
 T - 3 potions of agility
 W - 3 potions of magic
 Y - a potion of might {unknown}
Books
 b - Xusif's Tome of Igneous Evil
   (Sif Muna gifted it to you on level 4 of the Lair of Beasts)

   Spells                             Type                      Level
   a - Pain                           Necromancy                   1
   b - Vampiric Draining              Necromancy                   3
   c - Sticky Flame                   Conjuration/Fire             4
   d - Ring of Flames                 Charms/Fire                  7
   e - Ignition                       Fire                         8
 x - a book of Ice

   Spells                             Type                      Level
   a - Ice Form                       Ice/Transmutation            4
   b - Metabolic Englaciation         Hexes/Ice                    5
   c - Ozocubu's Refrigeration        Ice                          6
   d - Bolt of Cold                   Conjuration/Ice              6
   e - Freezing Cloud                 Conjuration/Ice/Air          6
   f - Simulacrum                     Ice/Necromancy               6
 A - a book of Death

   Spells                             Type                      Level
   a - Corpse Rot                     Necromancy                   2
   b - Sublimation of Blood           Necromancy                   2
   c - Agony                          Necromancy                   5
   d - Dispel Undead                  Necromancy                   5
   e - Excruciating Wounds            Charms/Necromancy            5
   f - Bolt of Draining               Conjuration/Necromancy       5
 M - a book of Misfortune

   Spells                             Type                      Level
   a - Confusing Touch                Hexes                        1
   b - Confuse                        Hexes                        3
   c - Gell's Gravitas                Translocation                3
   d - Petrify                        Transmutation/Earth          4
   e - Metabolic Englaciation         Hexes/Ice                    5
   f - Yara's Violent Unravelling     Hexes/Transmutation          5
 S - a book of Unlife

   Spells                             Type                      Level
   a - Recall                         Summoning/Translocation      3
   b - Animate Dead                   Necromancy                   4
   c - Borgnjor's Vile Clutch         Necromancy/Earth             5
   d - Death Channel                  Necromancy                   6
   e - Simulacrum                     Ice/Necromancy               6
Miscellaneous
 H - a lightning rod (4/4)
Comestibles
 c - 16 rations


   Skills:
 + Level 11.0 Fighting
 - Level 6.1 Dodging
 - Level 2.4 Stealth
 - Level 4.3 Shields
 - Level 14.0 Spellcasting
 - Level 10.1 Conjurations
 * Level 11.4 Necromancy
 - Level 10.0 Fire Magic
 - Level 8.1 Ice Magic
 - Level 10.0 Invocations


You had 10 spell levels left.
You knew the following spells:

 Your Spells              Type           Power        Failure   Level  Hunger
b - Throw Flame           Conj/Fire      ######       1%          2    None
c - Conjure Flame         Conj/Fire      ######..     1%          3    None
d - Sticky Flame          Conj/Fire      ######..     1%          4    None
e - Fireball              Conj/Fire      ######....   2%          5    #......
f - Animate Dead          Necr           N/A          1%          4    None
g - Borgnjor's Vile Clut  Necr/Erth      ######....   13%         5    #......
h - Poisonous Vapours     Pois/Air       ###...       8%          2    None
i - Simulacrum            Ice/Necr       ######....   14%         6    ####...


Dungeon Overview and Level Annotations

Branches:
Dungeon (12/15)            Temple (1/1) D:4            Lair (6/6) D:11
 Shoals (0/4) Lair:4        Snake (2/4) Lair:2        Slime (0/5) Lair:6
    Orc (2/2) D:11            Elf (0/3) Orc:2

Altars:
Ashenzari
Cheibriados
Elyvilon
Gozag
Hepliaklqana
Nemelex Xobeh
Okawaru
Qazlal
Ru
Sif Muna
Trog
Uskayaw
Wu Jian
Yredelemnul
Zin
Jiyva

Shops:
D:5 (   D:6 *[}[   D:7 *   D:10 [   D:11 *[   D:12 (   Orc:2 [[:%*   Snake:2 :

Annotations:
D:4 exclusion: downstairs
D:8 exclusion: downstairs
D:10 exclusion: downstairs
Lair:1 exclusion: oklob plant
Snake:1 exclusion: downstairs


Innate Abilities, Weirdness & Mutations

You are agile. (Dex +2)
Your mind is acute. (Int +2)


Message History

Aiming: Borgnjor's Vile Clutch
Press: ? - help, Dir - move target cursor Decaying hands burst forth from the earth!
The shock serpent is unaffected.
Zombie hands grab the shock serpent.
The shock serpent is unaffected.
The zombie hands constrict the shock serpent!!
The zombie hands constrict the shock serpent! x2
The black mamba bites you.
The shock serpent's electric aura discharges, shocking you!
* * * LOW HITPOINT WARNING * * *
The shock serpent's electric aura discharges, shocking you!
* * * LOW HITPOINT WARNING * * *
The shock serpent's electric aura discharges, shocking you!
* * * LOW HITPOINT WARNING * * *
The shock serpent bites you but does no damage.
The shock serpent struggles to escape constriction.
The shock serpent shoots out a bolt of lightning at you!
The bolt of electricity hits you! You resist.
You die...

# #.....# #.....######...#(.
######....######.....#...........
....#.....##........<.[..........
...........................).....
.................................
############....................#
##...................#
#############..S.................
...............S@................
...............>S................
...............S...........##....
..##############...........######
.## #............#
.###############............###
###..........ZZ...............###
.................................
...............................(.


You could see 3 shock serpents and a black mamba.

Vanquished Creatures
  Kirke (Lair:5)
  5 hydras
  An anaconda (Snake:1)
  4 two-headed ogres
  An orc high priest (Orc:2)
  An unseen horror (D:12)
  6 sea snakes
  2 orc knights (Orc:1)
  7 orc sorcerers (Orc:2)
  2 ugly things
  A mana viper (Snake:1)
  A salamander (Snake:1)
  2 manticores
  10 black mambas
  2 centaur zombies (D:11)
  9 elephants
  2 merfolk sirens (Lair:4)
  4 naga magi (Snake:1)
  4 spiny frogs
  A gargoyle (D:10)
  A torpor snail (Lair:4)
  A rime drake (Lair:1)
  3 komodo dragons
  2 merfolk (Lair:4)
  4 trolls
  Prince Ribbit (D:8)
  6 hornets
  Grinder (D:5)
  3 slime creatures (D:7)
  3 polar bears
  21 blink frogs
  A dream sheep (Lair:6)
  7 hippogriffs
  2 vampires
  34 yaks
  A shadow (D:11)
  13 spriggans
  A wraith (D:11)
  3 wyverns
  2 hogs (Lair:5)
  8 basilisks
  4 hungry ghosts
  A warg (Orc:1)
  9 nagas
  An acid dragon (D:12)
  10 water moccasins
  Duvessa (D:5)
  3 porcupines
  23 orc warriors
  5 black bears
  4 sky beasts
  3 boggarts (Lair:6)
  A phantom (D:10)
  An eye of draining (D:8)
  A necrophage (D:6)
  7 ogres
  7 centaurs
  28 wolves
  25 crocodiles
  4 big kobolds
  Blork the orc (D:5)
  8 bullfrogs
  A gnoll sergeant (D:8)
  5 scorpions
  Dowan (D:5)
  23 killer bees
  2 electric eels (Lair:1)
  A howler monkey (D:12)
  A crimson imp (D:12)
  A bullfrog zombie (D:6)
  4 hounds
  23 orc priests
  3 bullfrog skeletons
  7 jellies
  24 orc wizards
  Crazy Yiuf (D:7)
  10 iguanas
  5 worker ants
  2 hound zombies
  A hound skeleton (D:5)
  A howler monkey zombie (D:5)
  A worker ant zombie (D:11)
  8 gnolls
  19 adders
  A shadow imp (D:11)
  5 oozes
  An adder zombie (D:5)
  An adder skeleton (D:4)
  3 worms
  A dart slug (D:2)
  14 leopard geckos
  65 orcs
  9 bats
  7 giant cockroaches
  7 goblins
  10 hobgoblins
  5 jackals
  4 quokkas
  4 ball pythons
  13 frilled lizards
  10 kobolds
  A quokka skeleton (D:6)
  5 rats
  3 fungi
  A plant (Lair:6)
645 creatures vanquished.

Vanquished Creatures (collateral kills)
  An anaconda (Snake:1)
  An elephant (Lair:6)
  A komodo dragon (Lair:6)
  A polar bear (Lair:6)
  5 blink frogs
  2 hippogriffs (Lair:6)
  A dream sheep (Lair:6)
  4 yaks
  2 hogs (Lair:5)
  4 water moccasins
  An orc warrior (Orc:2)
  A porcupine (Lair:1)
  5 wolves
  A crocodile (Lair:4)
  2 orc wizards (Orc:2)
  An adder (Snake:1)
  A ball python (Snake:1)
  3 frilled lizards (Lair:1)
  2 fungi
  2 plants
41 creatures vanquished.

Vanquished Creatures (others)
  A bullfrog (Lair:5)
  26 fungi
  6 plants
  8 toadstools (D:7)
41 creatures vanquished.

Grand Total: 727 creatures vanquished

Notes
Turn   | Place    | Note
-------+----------+-------------------------------------------
     0 | D:1      | microfolk the Deep Elf Fire Elementalist began the quest for the Orb.
     0 | D:1      | Reached XP level 1. HP: 10/10 MP: 6/6
   486 | D:1      | Reached XP level 2. HP: 15/15 MP: 6/8
   490 | D:1      | Learned a level 2 spell: Throw Flame
   956 | D:2      | Reached XP level 3. HP: 2/19 MP: 0/10
  1240 | D:2      | Reached skill level 4 in Spellcasting
  1619 | D:2      | Reached XP level 4. HP: 22/24 MP: 1/12
  2256 | D:2      | Learned a level 3 spell: Conjure Flame
  2261 | D:2      | Learned a level 4 spell: Sticky Flame
  2891 | D:3      | Reached XP level 5. HP: 28/28 MP: 13/13
  3753 | D:3      | Gained mutation: Your mind is acute. (Int +2) [potion of mutation]
  3753 | D:3      | Gained mutation: You are agile. (Dex +2) [potion of mutation]
  3901 | D:4      | Reached skill level 5 in Spellcasting
  4027 | D:4      | Reached XP level 6. HP: 32/32 MP: 15/15
  4291 | D:4      | Found a staircase to the Ecumenical Temple.
  4301 | Temple   | Entered the Ecumenical Temple
  4314 | Temple   | Became a worshipper of Sif Muna the Loreminder
  4534 | D:4      | Reached skill level 5 in Fire Magic
  4959 | D:5      | Entered Level 5 of the Dungeon
  4966 | D:5      | Noticed Blork the orc
  4975 | D:5      | Killed Blork the orc
  4975 | D:5      | Reached skill level 5 in Conjurations
  5025 | D:5      | Noticed Grinder
  5094 | D:5      | Reached XP level 7. HP: 18/36 MP: 16/17
  5123 | D:5      | Reached skill level 6 in Spellcasting
  5484 | D:5      | Reached * piety under Sif Muna
  5815 | D:5      | Noticed Duvessa
  5815 | D:5      | Noticed Dowan
  5821 | D:5      | Killed Dowan
  5842 | D:5      | HP: 1/36 [Duvessa/short sword (3)]
  6322 | D:5      | Found Duycash's Weapon Emporium.
  6619 | D:5      | Paralysed by Grinder for 6 turns
  6644 | D:5      | Killed Grinder
  6644 | D:5      | Reached skill level 7 in Spellcasting
  6644 | D:5      | Reached XP level 8. HP: 28/41 MP: 5/20
  7178 | D:5      | Found Duycash's Weapon Emporium.
  7304 | D:5      | Killed Duvessa
  7819 | D:6      | Found a snail-covered altar of Cheibriados.
  7960 | D:6      | Reached skill level 8 in Spellcasting
  7973 | D:6      | Reached ** piety under Sif Muna
  8344 | D:6      | Found Geloq's Gadget Shoppe.
  8672 | D:6      | Found Hamn's General Store.
  8814 | D:6      | Found Sicex's Armour Boutique.
  8985 | D:6      | Found Kuquurgha's Antique Armour Boutique.
  9069 | D:6      | Reached XP level 9. HP: 45/45 MP: 21/23
  9134 | D:6      | Reached skill level 9 in Spellcasting
  9766 | D:7      | Reached *** piety under Sif Muna
  9890 | D:7      | Found Mecuza's Assorted Antiques.
 10163 | D:7      | Reached skill level 10 in Spellcasting
 10636 | D:7      | Reached **** piety under Sif Muna
 10758 | D:7      | Reached skill level 10 in Conjurations
 10961 | D:7      | Found a runed door.
 10966 | D:7      | Noticed Crazy Yiuf
 10972 | D:7      | Killed Crazy Yiuf
 10972 | D:7      | Reached XP level 10. HP: 35/50 MP: 26/26
 11155 | D:7      | Learned a level 5 spell: Fireball
 11272 | D:8      | Reached skill level 10 in Fire Magic
 11275 | D:8      | Reached skill level 1 in Shields
 11890 | D:8      | Found a glowing silver altar of Zin.
 12184 | D:8      | Noticed Prince Ribbit
 12190 | D:8      | Killed Prince Ribbit
 12656 | D:8      | Noticed a two-headed ogre
 12671 | D:8      | Killed a two-headed ogre
 12671 | D:8      | Reached skill level 1 in Fighting
 13240 | D:9      | Reached skill level 5 in Dodging
 13737 | D:9      | Noticed a two-headed ogre
 13749 | D:9      | Killed a two-headed ogre
 14335 | D:10     | Entered Level 10 of the Dungeon
 14354 | D:10     | Found Monuiwn's Antique Armour Shop.
 14364 | D:10     | Bought a transparent robe for 136 gold pieces
 14378 | D:10     | Identified the +1 robe of Defiance {+Blink rElec Slay-3} (You bought it in a shop on level 10 of the Dungeon)
 14411 | D:10     | Learned a level 4 spell: Animate Dead
 14473 | D:10     | Reached XP level 11. HP: 60/60 MP: 27/27
 14867 | D:10     | Reached skill level 1 in Necromancy
 16478 | D:11     | Noticed a purple ugly thing
 16640 | D:11     | Reached skill level 5 in Necromancy
 16665 | D:10     | Killed a purple ugly thing
 17314 | D:11     | Found Unisk's Pet Rocks.
 17773 | D:11     | Found a staircase to the Orcish Mines.
 17778 | D:11     | Reached skill level 5 in Fighting
 17811 | D:11     | Found a staircase to the Lair.
 18099 | D:11     | Noticed a cyan ugly thing
 18110 | D:11     | Killed a cyan ugly thing
 18426 | D:11     | Found Purionni's Antique Armour Shoppe.
 18782 | D:11     | Bought a translucent helmet for 294 gold pieces
 18792 | D:11     | Identified the -2 helmet "Ikien" {rElec} (You bought it in a shop on level 11 of the Dungeon)
 18817 | D:11     | Learned a level 5 spell: Borgnjor's Vile Clutch
 18818 | Lair:1   | Entered Level 1 of the Lair of Beasts
 18819 | Lair:1   | Reached ***** piety under Sif Muna
 19337 | Lair:1   | Identified Sif Muna's Handbook of Cankerous Curses (Sif Muna gifted it to you on level 1 of the Lair of Beasts)
 19337 | Lair:1   | Received a gift from Sif Muna
 19344 | Lair:1   | Learned a level 2 spell: Poisonous Vapours
 19484 | Lair:1   | Noticed a five-headed hydra
 19493 | Lair:1   | Killed a five-headed hydra
 19759 | Lair:1   | Reached XP level 12. HP: 70/70 MP: 17/28
 19940 | Lair:1   | Reached skill level 10 in Necromancy
 20784 | Lair:1   | Found a hazy altar of Hepliaklqana.
 21200 | Lair:2   | Found a staircase to the Snake Pit.
 21532 | Lair:2   | Found a bloodstained altar of Trog.
 21973 | Lair:2   | Noticed a seven-headed hydra
 21979 | Lair:2   | Killed a seven-headed hydra
 21979 | Lair:2   | Reached skill level 11 in Spellcasting
 23261 | Lair:3   | Noticed a five-headed hydra
 23268 | Lair:3   | Killed a five-headed hydra
 23268 | Lair:3   | Reached skill level 12 in Spellcasting
 24380 | Lair:4   | Noticed a four-headed hydra
 24386 | Lair:4   | Killed a four-headed hydra
 24551 | Lair:4   | Reached skill level 13 in Spellcasting
 25018 | Lair:4   | Found a staircase to the Shoals.
 25185 | Lair:4   | Learned a level 6 spell: Simulacrum
 25354 | Lair:5   | Reached skill level 1 in Ice Magic
 25581 | Lair:4   | Identified Xusif's Tome of Igneous Evil (Sif Muna gifted it to you on level 4 of the Lair of Beasts)
 25581 | Lair:4   | Received a gift from Sif Muna
 25581 | Lair:4   | Reached XP level 13. HP: 68/79 MP: 24/32
 26080 | Lair:5   | Reached skill level 14 in Spellcasting
 26863 | Lair:5   | Noticed Kirke
 27133 | Lair:5   | Killed Kirke
 27599 | Lair:5   | Got a dazzling lajatang
 27605 | Lair:5   | Identified the +10 lajatang "Idat" {flame, +Rage rElec} (You found it on level 5 of the Lair of Beasts)
 27635 | Lair:6   | Entered Level 6 of the Lair of Beasts
 27745 | Lair:6   | Found a staircase to the Slime Pits.
 27751 | Lair:5   | Reached skill level 5 in Ice Magic
 28937 | Lair:6   | Reached skill level 1 in Invocations
 30344 | Lair:6   | Got an encrusted ring mail
 30355 | Lair:6   | Identified the +6 ring mail of Lukhlui Nuath {MR+} (You found it on level 6 of the Lair of Beasts)
 30393 | Lair:6   | Reached skill level 5 in Invocations
 30800 | Lair:6   | Reached XP level 14. HP: 52/87 MP: 18/34
 31429 | Lair:6   | Found a viscous altar of Jiyva.
 31819 | Lair:6   | Reached skill level 10 in Fighting
 32308 | Orc:1    | Entered Level 1 of the Orcish Mines
 32547 | Orc:1    | Received a gift from Sif Muna
 32884 | Orc:2    | Entered Level 2 of the Orcish Mines
 34109 | Orc:2    | Found a staircase to the Elven Halls.
 34111 | Orc:2    | Found Xemiusk's Antique Armour Boutique.
 36142 | Orc:2    | Found Obeff's Food Emporium.
 36142 | Orc:2    | Found Ucihid's General Store.
 36142 | Orc:2    | Found Foitsyly's Book Shoppe.
 36151 | Orc:2    | Found Nutu's Armour Shoppe.
 36393 | Orc:2    | Bought the +2 cloak of Anke {rN+ Regen+} for 308 gold pieces
 36805 | D:12     | Found a sacrificial altar of Ru.
 37624 | D:6      | Bought a pair of pitted gloves for 247 gold pieces
 37629 | D:6      | Identified the +2 pair of gloves "Naamemaa" {MR+ Regen+ Dex-4} (You bought it in a shop on level 6 of the Dungeon)
 37742 | D:12     | Found Kucheror's Antique Weapon Shop.
 38083 | Snake:1  | Entered Level 1 of the Snake Pit
 38555 | Snake:1  | Reached skill level 10 in Invocations
 39916 | Snake:1  | You fall through a shaft!
 39916 | Snake:2  | Found Hocsunli's Book Boutique.
 40379 | Snake:1  | Killed from afar by a shock serpent

Skill      XL: |  1  2  3  4  5  6  7  8  9 10 11 12 13 14 |
---------------+-------------------------------------------+-----
Conjurations   | 2 3 4 5 6 8 10 | 10.1
Spellcasting   | 4 5 7 8 10 13 14 | 14.0
Fire Magic     | 4 5 6 7 9 10 | 10.0
Shields        | 4 |  4.3
Fighting       | 3 6 8 9 11 | 11.0
Dodging        | 6 |  6.1
Necromancy     | 9 10 11 | 11.4
Ice Magic      | 1 8 |  8.1
Invocations    | 5 10 | 10.0
Stealth        | |  2.4

Action                   |  1- 3 |  4- 6 |  7- 9 | 10-12 | 13-15 || total
-------------------------+-------+-------+-------+-------+-------++-------
Melee: Staff             |       |       |     1 |    16 |     2 ||    19
       Dagger            |       |       |       |     1 |       ||     1
       Lajatang          |       |       |       |       |   108 ||   108
Throw: Stone             |     1 |       |       |     4 |       ||     5
 Cast: Flame Tongue      |    25 |    56 |   190 |   305 |     1 ||   577
       Throw Flame       |    21 |    76 |   100 |   204 |   105 ||   506
       Conjure Flame     |       |     4 |    31 |    44 |    11 ||    90
       Sticky Flame      |       |     1 |    13 |    71 |    74 ||   159
       Animate Dead      |       |       |       |    22 |    32 ||    54
       Poisonous Vapours |       |       |       |   115 |   454 ||   569
       Borgnjor's Vile C |       |       |       |    21 |    73 ||    94
       Fireball          |       |       |       |     5 |    36 ||    41
       Simulacrum        |       |       |       |       |    12 ||    12
  Use: Scroll            |     1 |     6 |     3 |     9 |    16 ||    35
       Potion            |       |     1 |       |       |       ||     1
 Stab: Sleeping          |       |       |       |       |     1 ||     1
  Eat: Chunk             |     2 |     9 |     9 |    18 |    26 ||    64
       Ration            |       |     1 |     3 |     8 |     6 ||    18
Armor: Robe              |     2 |     2 |       |    24 |    92 ||   120
       Leather armour    |       |       |     9 |    20 |       ||    29
       Ring mail         |       |       |       |       |    67 ||    67
Dodge: Dodged            |    14 |    12 |    31 |   161 |   250 ||   468
Block: Buckler           |       |       |     1 |    71 |     5 ||    77
